 Dungeon Crawl Stone Soup version 0.16.1-7-g2c6721e (webtiles) character file.

35122 Crauler the Bludgeoner (level 13, -1/148 HPs)
             Began as an Ogre Berserker on Mar 29, 2015.
             Was a High Priest of Trog (penitent).
             Slain by a deep troll (12 damage)
             ... created by the rage of Trog
             ... on level 6 of the Lair of Beasts.
             The game lasted 01:14:17 (16907 turns).

Crauler the Bludgeoner (Ogre Berserker)            Turns: 16907, Time: 01:14:17

Health: -1/148     AC: 24    Str: 27    XL:     13   Next: 81%
Magic:  13/13      EV: 12    Int:  4    God:    Trog [*]
Gold:   755        SH:  0    Dex: 14    Spells: 1 memorised, 11 levels left

rFire  . . .     SeeInvis +     L - +0 giant spiked club
rCold  . . .     Clarity  .     n - +0 pearl dragon armour
rNeg   + . .     SustAb   .     (shield restricted)
rPois  +         Gourm    .     (helmet restricted)
rElec  .         Spirit   .     T - +1 cloak {MR+}
rCorr  .         Warding  .     (gloves unavailable)
rMut   .         Stasis   .     (boots unavailable)
MR     ++...                    (no amulet)
Stlth  ..........               Y - +4 ring of protection
                                X - ring of see invisible

@: very resistant to hostile enchantments, extremely unstealthy
A: unfitting armour, rough black scales 1, agile 1, dopey 1, poison resistance,
screaming 2, spit poison 2, strong 1, tough skin 1
a: Spit Poison, Burn Spellbooks, Renounce Religion


You were on level 6 of the Lair of Beasts.
You worshipped Trog.
Trog was demanding penance.
You were not hungry.

You visited 2 branches of the dungeon, and saw 16 of its levels.
You also visited: Labyrinth.

You collected 969 gold pieces.
You spent 214 gold pieces at shops.

Inventory:

Hand weapons
 a - a +4 antimagic great mace
 b - a +6 morningstar of holy wrath
 D - a +2 morningstar of freezing
 L - a +0 giant spiked club (weapon)
 V - a +0 blowgun
Missiles
 q - 3 needles of slowing
 r - 6 javelins
 u - 12 large rocks (quivered)
 C - 56 poisoned needles
 K - 9 needles of sleeping
 N - 3 throwing nets
Armour
 n - a +0 pearl dragon armour (worn)
 A - a +1 robe of cold resistance
 T - a +1 cloak of magic resistance (worn)
Jewellery
 h - an uncursed ring of positive energy
 p - an uncursed amulet of the gourmand
 B - an uncursed ring of flight
 X - a ring of see invisible (left hand)
 Y - a +4 ring of protection (right hand)
Magical devices
 m - a wand of hasting (2)
 S - a wand of hasting (5)
Scrolls
 e - a scroll of recharging {unknown}
 k - 8 scrolls of remove curse
 s - 7 scrolls of teleportation
 t - 3 scrolls of magic mapping
 y - 3 scrolls of enchant armour
 H - 3 scrolls of enchant weapon
Potions
 d - 2 potions of ambrosia
 f - a potion of resistance {unknown}
 g - a potion of agility
 o - 3 potions of heal wounds
 w - a potion of restore abilities {unknown}
 x - 2 potions of brilliance
 z - 6 potions of curing
 F - a potion of haste {unknown}
 G - 3 potions of lignification
 J - 2 potions of might {unknown}
 M - a potion of invisibility {unknown}
 P - a potion of cure mutation {unknown}
 Q - a potion of berserk rage {unknown}
 R - 3 potions of cancellation
Books
 j - a book of Power

   Spells                             Type                      Level
   a - Fulminant Prism                Conjuration/Hexes            4
   b - Iskenderun's Mystic Blast      Conjuration                  4
   c - Venom Bolt                     Conjuration/Poison           5
   d - Bolt of Magma                  Conjuration/Fire/Earth       5
   e - Iron Shot                      Conjuration/Earth            6
   f - Orb of Destruction             Conjuration                  7
   g - Spellforged Servitor           Conjuration/Summoning        7
   Trog disapproves of the use of such an item.
 v - a book of Air

   Spells                             Type                      Level
   a - Shock                          Conjuration/Air              1
   b - Swiftness                      Charms/Air                   2
   c - Repel Missiles                 Charms/Air                   2
   d - Flight                         Charms/Air                   3
   e - Static Discharge               Conjuration/Air              3
   f - Lightning Bolt                 Conjuration/Air              5
   Trog disapproves of the use of such an item.
 U - a book of Flames

   Spells                             Type                      Level
   a - Flame Tongue                   Conjuration/Fire             1
   b - Throw Flame                    Conjuration/Fire             2
   c - Conjure Flame                  Conjuration/Fire             3
   d - Inner Flame                    Hexes/Fire                   3
   e - Sticky Flame                   Conjuration/Fire             4
   f - Fireball                       Conjuration/Fire             5
   Trog disapproves of the use of such an item.
Miscellaneous
 E - a phial of floods
Comestibles
 c - 9 meat rations
 i - a chunk of flesh
 l - 15 bread rations
 O - 53 fruits
 W - a royal jelly


   Skills:
 * Level 14.8 Fighting
 * Level 15.3 Maces & Flails
 * Level 12.6 Throwing
 + Level 6.9 Armour
 + Level 8.0 Dodging


You had 11 spell levels left.
You knew the following spells:

 Your Spells              Type           Power        Failure   Level  Hunger
a - Apportation           Tloc           #.........   96%         1    ##.....


Dungeon Overview and Level Annotations

Branches:
Dungeon (10/15)            Temple (0/1) D:5            Lair (6/8) D:8
  Swamp (0/5) Lair:5        Snake (0/5) Lair:5          Orc (0/4) D:10
  Slime: Lair:6-8

Altars:
Elyvilon
Fedhas
Okawaru
Qazlal
Ru
Trog
Vehumet
Xom

Shops:
D:10 [([


Innate Abilities, Weirdness & Mutations

You are too large for most types of armour.
You have tough skin (AC +1).
You are partially covered in rough black scales (AC +4, Dex -1).
You are agile. (Dex +2)
You are dopey. (Int -2)
Your system is resistant to poisons.
You sometimes yell uncontrollably at your foes.
You can spit moderately strong poison.
Your muscles are strong. (Str +2)


Message History

The deep troll closely misses you. The deep troll barely misses you.
The deep troll closely misses you.
The deep troll claws you but does no damage.
You closely miss the deep troll.
The deep troll is severely wounded.
The deep troll bites you!!
* * * LOW HITPOINT WARNING * * *
The deep troll misses you. The deep troll barely misses you.
Unknown command.
Read which item? (? for menu, Esc to quit)
Okay, then.
Press: ? - help, v - describe, . - travel
Here: a deep troll (heavily wounded, berserk, fast, unusually strong, durably summoned)
The floor, spattered with blood.
Read which item? (? for menu, Esc to quit)
As you read the scroll of fear, it crumbles to dust.
You assume a fearsome visage.
The deep troll barely misses you.
The deep troll claws you but does no damage.
The deep troll claws you!
You die...

.####....### #.........#........
..# ##...## #...!....#.#.......
.## ###..P ##.....P.####......
.## ##.## #......## #..#.#.
..######..### #.##...# ###...#..
.#...##.....########..###.....#.#
###......P..##.###.#......#......
#.......####.....P.............
###...#.....##.T@................
.#...#.#..#.............P........
......###...P.....>.....PP.......
......###...##...................
..#....#....#........P...........
###.....P..PP..........#.........
####..PP...............###...P...
.....PP...............#.#...P...#
......##...#....#.......#......##


You could see a deep troll (berserk).

Vanquished Creatures
  Rupert (Lair:3)
  A minotaur (Lab)
  Fannar (Lair:6)
  Harold (Lair:3)
  2 hydras (Lair:1)
  The ghost of ventricule the Nimble, an experienced DEAr of Vehumet (D:10)
  Nergalle (Lair:3)
  A fire crab (Lair:6)
  2 hill giants (D:10)
  An oklob plant (Lair:4)
  A griffon (Lair:6)
  13 elephants
  6 black mambas
  8 spiny frogs
  Psyche (D:9)
  The ghost of hornqvist the Skirmisher, an average NaFi (D:3)
  2 fire drakes (Lair:6)
  3 komodo dragons
  Prince Ribbit (Lair:1)
  3 two-headed ogres
  A boulder beetle (Lair:4)
  7 blink frogs
  A wyvern (Lair:6)
  17 yaks
  A deep elf mage (D:10)
  A wraith (D:10)
  A hippogriff (Lair:6)
  15 wolves
  A naga (Lair:5)
  10 porcupines
  A phantom (D:9)
  A swamp drake (Lair:5)
  12 water moccasins
  7 ogres
  3 orc warriors
  2 sky beasts
  2 black bears (Lair:6)
  2 ice beasts
  An eye of draining (D:10)
  8 crocodiles
  5 wandering mushrooms (D:8)
  2 centaurs
  Blork the orc (D:9)
  19 giant frogs
  A wyvern zombie (D:7)
  A gnoll sergeant (D:8)
  3 scorpions
  4 killer bees (D:9)
  2 oklob saplings (D:8)
  5 wights
  2 electric eels
  2 goliath beetles
  A crimson imp (D:10)
  11 hounds
  2 jellies
  3 giant frog zombies
  3 orc priests
  2 centaur skeletons
  2 quasits
  Crazy Yiuf (D:6)
  2 giant frog skeletons
  3 orc wizards (D:10)
  10 worker ants
  7 iguanas
  6 spectral orcs (Lair:3)
  17 sheep
  2 hound zombies (D:5)
  Robin (D:2)
  2 worker ant zombies
  17 adders
  9 gnolls
  38 river rats
  A shadow imp (D:5)
  6 worms
  An adder skeleton (D:8)
  An adder zombie (D:5)
  11 giant geckos
  2 oozes (D:2)
  33 orcs
  A bat zombie (D:6)
  7 giant cockroaches
  22 goblins
  13 hobgoblins
  11 jackals
  12 bats
  8 giant newts
  17 kobolds
  8 quokkas
  2 quokka skeletons
  A quokka zombie (D:7)
  16 rats
  3 ballistomycetes (D:8)
  2 fungi (D:8)
  A plant (Lair:4)
510 creatures vanquished.

Vanquished Creatures (others)
  A wizard (D:7)
  A giant spore (D:8)
  2 fungi
4 creatures vanquished.

Grand Total: 514 creatures vanquished

Notes
Turn   | Place    | Note
--------------------------------------------------------------
     0 | D:1      | Crauler, the Ogre Berserker, began the quest for the Orb.
     0 | D:1      | Reached XP level 1. HP: 24/24 MP: 1/1
   145 | D:1      | Reached XP level 2. HP: 32/32 MP: 2/2
   680 | D:1      | Acquired Trog's second power
   721 | D:2      | Reached skill level 1 in Throwing
   792 | D:2      | Reached XP level 3. HP: 38/40 MP: 3/3
  1017 | D:2      | Noticed Robin
  1045 | D:2      | Killed Robin
  1097 | D:2      | Reached XP level 4. HP: 49/49 MP: 4/4
  1831 | D:3      | Reached skill level 5 in Fighting
  1831 | D:3      | Reached skill level 5 in Maces & Flails
  1831 | D:3      | Reached XP level 5. HP: 53/57 MP: 5/5
  2175 | D:3      | Noticed hornqvist's ghost (average NaFi)
  2195 | D:3      | Killed hornqvist's ghost
  2195 | D:3      | Reached XP level 6. HP: 48/67 MP: 6/6
  2822 | D:4      | Found an iron altar of Okawaru.
  2876 | D:4      | Reached skill level 6 in Fighting
  2908 | D:4      | Received a gift from Trog
  3072 | D:4      | Reached XP level 7. HP: 75/75 MP: 7/7
  3651 | D:5      | Entered Level 5 of the Dungeon
  3834 | D:5      | Acquired Trog's third power
  4225 | D:5      | Reached XP level 8. HP: 81/84 MP: 8/8
  4272 | D:5      | Received a gift from Trog
  4357 | D:5      | Reached skill level 7 in Fighting
  4381 | D:5      | Found a staircase to the Ecumenical Temple.
  4734 | D:6      | Reached skill level 5 in Throwing
  5042 | D:6      | Noticed Crazy Yiuf
  5043 | D:6      | Killed Crazy Yiuf
  5199 | D:6      | Reached skill level 8 in Maces & Flails
  5564 | D:7      | Found a bloodstained altar of Trog.
  5567 | D:7      | Noticed a wizard
  5573 | D:7      | Killed a wizard
  5744 | D:7      | Reached XP level 9. HP: 91/96 MP: 9/9
  5761 | D:7      | Received a gift from Trog
  5834 | D:7      | Gained mutation: You occasionally shout uncontrollably at your foes. [mutagenic meat]
  5835 | D:7      | Gained mutation: Your muscles are strong. (Str +2) [mutagenic meat]
  5836 | D:7      | Gained mutation: You sometimes yell uncontrollably at your foes. [mutagenic meat]
  5943 | D:7      | Found a radiant altar of Vehumet.
  6052 | D:8      | Found a sacrificial altar of Ru.
  6189 | D:8      | Noticed a two-headed ogre
  6196 | D:8      | Killed a two-headed ogre
  6196 | D:8      | Reached skill level 9 in Maces & Flails
  6313 | D:8      | Noticed a centaur warrior
  6360 | D:8      | Noticed a wandering mushroom
  6360 | D:8      | Noticed a wandering mushroom
  6365 | D:8      | Killed a wandering mushroom
  6465 | D:8      | Killed a wandering mushroom
  6471 | D:8      | Found a blossoming altar of Fedhas.
  6471 | D:8      | Noticed a wandering mushroom
  6471 | D:8      | Noticed a wandering mushroom
  6577 | D:8      | Killed a wandering mushroom
  6577 | D:8      | Reached skill level 5 in Dodging
  6740 | D:8      | Killed a wandering mushroom
  6790 | D:8      | Found a staircase to the Lair.
  6795 | D:8      | Noticed a wandering mushroom
  6823 | D:8      | Killed a wandering mushroom
  6823 | D:8      | Reached XP level 10. HP: 95/110 MP: 3/10
  7233 | D:9      | Noticed Blork the orc
  7244 | D:9      | Killed Blork the orc
  7244 | D:9      | Reached skill level 10 in Maces & Flails
  7247 | D:9      | Reached skill level 10 in Fighting
  7279 | D:9      | Gained mutation: You are partially covered in rough black scales (AC +4, Dex -1). [potion of mutation]
  7279 | D:9      | Gained mutation: You can spit poison. [potion of mutation]
  7280 | D:9      | Gained mutation: Your system is resistant to poisons. [potion of mutation]
  7281 | D:9      | Gained mutation: You can spit moderately strong poison. [potion of mutation]
  7281 | D:9      | Gained mutation: You are dopey. (Int -2) [potion of mutation]
  7281 | D:9      | Gained mutation: You are agile. (Dex +2) [potion of mutation]
  7554 | D:9      | Noticed Psyche
  7573 | D:9      | Killed Psyche
  7577 | D:9      | Received a gift from Trog
  7612 | D:9      | Found a stormy altar of Qazlal.
  7615 | D:9      | Found a blossoming altar of Fedhas.
  7618 | D:9      | Found a white marble altar of Elyvilon.
  7960 | D:10     | Entered Level 10 of the Dungeon
  7962 | D:10     | Found Wuch's Armour Shoppe.
  7964 | D:10     | Found a staircase to the Orcish Mines.
  7969 | D:10     | Found Cleff's Weapon Shoppe.
  8019 | D:10     | Bought a +1 cloak of magic resistance for 214 gold pieces
  8090 | D:10     | Noticed a hill giant
  8099 | D:10     | Killed a hill giant
  8165 | D:10     | Noticed a hill giant
  8172 | D:10     | Killed a hill giant
  8172 | D:10     | Reached skill level 11 in Fighting
  8180 | D:10     | Noticed ventricule's ghost (experienced DEAr)
  8183 | D:10     | Paralysed by ventricule's ghost for 2 turns
  8191 | D:10     | Killed ventricule's ghost
  8345 | D:10     | Reached XP level 11. HP: 64/120 MP: 3/11
  8625 | D:10     | Reached skill level 5 in Armour
  8843 | D:10     | Received a gift from Trog
  8940 | D:10     | Found Chagh's Armour Boutique.
  9285 | Lair:1   | Entered Level 1 of the Lair of Beasts
  9538 | Lair:1   | Noticed a seven-headed hydra
  9540 | Lair:1   | Noticed a seven-headed hydra
  9547 | Lair:1   | Killed a seven-headed hydra
  9555 | Lair:1   | Killed a seven-headed hydra
  9555 | Lair:1   | Reached skill level 12 in Fighting
  9572 | Lair:1   | Noticed Prince Ribbit
  9580 | Lair:1   | Killed Prince Ribbit
  9887 | Lair:1   | Got an ancient robe
  9898 | Lair:1   | Identified the +1 robe of Patience {-Tele +Inv Int+5 Stlth-} (You found it on level 1 of the Lair of Beasts)
 10625 | Lair:2   | Reached skill level 10 in Throwing
 10829 | Lair:2   | Reached XP level 12. HP: 72/133 MP: 12/12
 11179 | Lair:3   | Reached skill level 13 in Maces & Flails
 11448 | Lair:3   | Noticed Harold
 11469 | Lair:3   | Received a gift from Trog
 11937 | Lair:3   | Noticed Nergalle
 11970 | Lair:3   | Killed Nergalle
 11994 | Lair:3   | Noticed Rupert
 11994 | Lair:3   | Paralysed by Rupert for 5 turns
 12015 | Lair:3   | Killed Rupert
 12247 | Lair:3   | Killed Harold
 12454 | Lair:4   | Found a shimmering altar of Xom.
 12476 | Lair:4   | Found a blossoming altar of Fedhas.
 12563 | Lair:4   | Found a labyrinth entrance.
 12572 | Lab      | Entered a labyrinth
 13532 | Lab      | Noticed a minotaur
 13537 | Lab      | Killed a minotaur
 13537 | Lab      | Reached skill level 14 in Maces & Flails
 13600 | Lair:4   | Reached XP level 13. HP: 84/145 MP: 13/13
 14841 | Lair:5   | Found a staircase to the Snake Pit.
 14888 | Lair:5   | Received a gift from Trog
 14953 | Lair:5   | Found a staircase to the Swamp.
 15211 | Lair:5   | Received a gift from Trog
 16218 | Lair:6   | Reached skill level 15 in Maces & Flails
 16319 | Lair:6   | Noticed Fannar
 16343 | Lair:6   | Killed Fannar
 16423 | Lair:6   | Was placed under penance by Trog
 16425 | Lair:6   | Learned a level 1 spell: Apportation
 16907 | Lair:6   | Slain by a deep troll

Action                   |  1- 3 |  4- 6 |  7- 9 | 10-12 | 13-15 || total
-------------------------+-------+-------+-------+-------+-------++-------
Melee: Mace              |    83 |    88 |       |       |       ||   171
       Whip              |       |   111 |   316 |       |       ||   427
       Giant spiked club |       |       |    14 |       |    15 ||    29
       Giant club        |       |       |    33 |       |       ||    33
       Great mace        |       |       |    94 |   597 |     8 ||   699
       Morningstar       |       |       |       |    63 |   330 ||   393
Throw: Stone             |       |     6 |     5 |       |       ||    11
       Javelin           |       |       |     4 |     2 |       ||     6
       Large rock        |       |       |     1 |     3 |     2 ||     6
Invok: Berserk           |     2 |     2 |     2 |     8 |     1 ||    15
       Trog's Hand       |       |       |       |     6 |     1 ||     7
       Burn Spellbooks   |       |       |       |       |     1 ||     1
  Use: Scroll            |       |     5 |     5 |    18 |     2 ||    30
       Potion            |       |       |       |     3 |       ||     3
 Stab: Distracted        |       |       |       |     1 |       ||     1
  Eat: Chunk             |     3 |    16 |    18 |    16 |     2 ||    55
       Beef jerky        |       |       |       |     2 |     1 ||     3
       Pizza             |       |       |       |     4 |       ||     4
       Fruit             |       |       |       |     1 |     9 ||    10
